 Dungeon Sprint DCSS version 0.31-a0-43-g46d131a48f (webtiles) character file.

Game seed: 15374779549426427134

6614 sircluck the Brawler (level 10, -12/111 HPs)
             Began as a Troll Berserker on May 19, 2023.
             Was a Priest of Trog.
             Mangled by a manticore (17 damage)
             ... in the Dungeon (Sprint II: "The Violet Keep of Menkaure").
             The game lasted 00:04:33 (579 turns).

sircluck the Brawler (Troll Berserker)               Turns: 579, Time: 00:04:33

Health: -12/111    AC:  4    Str: 31    XL:     10   Next: 72%
Magic:  9/9        EV: 13    Int:  3    God:    Trog [***...]
Gold:   91         SH:  0    Dex:  9    Spells: 9/9 levels left

rFire   . .          .
                       - Unarmed
rCold   . . .        (no shield)
rNeg    . . .        a - +0 animal skin
rPois   .            (helmet restricted)
rElec   .            (no cloak)
rCorr   .            (gloves unavailable)
SInv    .            (boots unavailable)
Will    .....        (no amulet)
Stlth   ++           (no ring)
HPRegen 1.18/turn    (no ring)
MPRegen 0.11/turn

%: no teleportation, random rage (3%)
@: no status effects
A: large, unfitting armour, claws 3, regeneration 1, shaggy fur 1, tough skin 1,
berserk 1
a: Renounce Religion, Berserk, Trog's Hand


You were in the Dungeon.
You worshipped Trog.
Trog was most pleased with you.
You visited 1 branch You collected 980 gold pieces.
You spent 889 gold pieces at shops.

Inventory:

Armour
 a - a +0 animal skin (worn)
Scrolls
 i - a scroll of magic mapping
Potions
 b - a potion of curing
 d - a potion of haste
 e - 2 potions of magic
 f - a potion of berserk rage
 h - a potion of experience


   Skills:
 + Level 10.8 Fighting
 + Level 11.6 Dodging
 + Level 3.9 Stealth
 + Level 17.7 Unarmed Combat


You had 9 spell levels left.
You didn't know any spells.
Your spell library was empty.

Dungeon Overview and Level Annotations

Branches:
Dungeon (1/1)

Altars:

Shops:
D :?(:![*?!==[(!(

Annotations:
D exclusion: oklob plant


Innate Abilities, Weirdness & Mutations

You are too large for most types of armour.
You have claws for hands.
Your natural rate of healing is unusually fast.
You are covered in fur. (AC +1)
You have tough skin. (AC +1)
You sometimes lose your temper in combat.


Message History

You can no longer call in reinforcements.
Your troll barely misses the skeletal warrior.
Your troll claws the skeletal warrior.
Your troll claws the skeletal warrior!
The skeletal warrior is destroyed!
Trog accepts your kill.
Your troll bites the elephant!!
Your troll claws the elephant but does no damage.
Your troll claws the elephant.
Your troll bites the elephant but does no damage.
Your troll claws the elephant but does no damage.
Your troll claws the elephant!
The elephant tramples your troll.
Your troll holds its ground!
The elephant trunk-slaps your troll but does no damage.
Your troll bites the elephant!
The elephant dies!
Trog accepts your kill.
A manticore comes into view.
Your troll bites the manticore.
Your troll claws the manticore! x2
The manticore bites your troll! The manticore claws your troll.
Your troll dies!
Your troll's corpse disappears in a puff of smoke!
The manticore flicks its tail.
The volley of spikes hits your ogre!!
Your ogre barely misses the manticore.
The manticore bites your ogre! The manticore claws your ogre!
The manticore claws your ogre.
Your ogre dies!
Your ogre's corpse disappears in a puff of smoke!
The manticore bites you!
* * * LOW HITPOINT WARNING * * *
The manticore claws you.
* * * LOW HITPOINT WARNING * * *
The manticore claws you!
* * * LOW HITPOINT WARNING * * *
Unknown command.
You claw the manticore!
The manticore is severely wounded.
You scratch the manticore.
The manticore is severely wounded.
The manticore bites you!
You die...

#...∩.∩..#~~~~####.##.####
#....∩...#~~~~#..##)#....#
#.⌠.∩....#~÷####..)####..##
#..∩.∩...#~##.###'###.##..#
#...∩.∩..#~#.).##.##.#.#..#
#....∩.∩.'~'.#.'.<.'###+..###
#.....∩.∩#~#...##)##.#.#....###.
▓▓▓▓▓▓▓###~##.###H###.##..§...~~
#$YF######~~####@#.####~~§....~#+
#?YF#G$ ##†~~#.##..#~~~~§~~..~#.
#∩PY+?!#+ #'#~###..##~~§~~~~~.~#.
#).$#$##.##.#~~##'##~~~§≈§~§~~~#.
#?$.###...####~~~~~~~~~~§§§§~~~#.
##+###...° #+++#+++#~≈≈§§§≈≈~#
#..○....##§≈≈###≈§#
#.....°...##§§# ≈§#
+.....8○....+§≈# #


You could see a manticore.

Vanquished Creatures
  Kirke (D)
  A yaktaur captain (D)
  A centaur warrior (D)
  A merfolk siren (D)
  A kobold demonologist (D)
  A blink frog (D)
  12 flying skulls (D)
  2 wyverns (D)
  4 neqoxecs (D)
  A water moccasin (D)
  3 worms (D)
28 creatures vanquished.

Vanquished Creatures (collateral kills)
  A skeletal warrior (D)
  An elephant (D)
2 creatures vanquished.

Vanquished Creatures (others)
  Menkaure (D)
  A water moccasin (D)
2 creatures vanquished.

Grand Total: 32 creatures vanquished

Notes
Turn   | Place    | Note
-------+----------+-------------------------------------------
     0 | D        | sircluck the Troll Berserker began the quest for the Orb.
     0 | D        | Reached XP level 1. HP: 22/22 MP: 0/0
     1 | D        | Noticed a neqoxec
     1 | D        | Noticed a neqoxec
     1 | D        | Noticed a neqoxec
     1 | D        | Noticed a neqoxec
     1 | D        | Gained mutation: You sometimes lose your temper in combat.
                  | [a neqoxec]
     5 | D        | Killed a neqoxec
     6 | D        | Reached skill level 5 in Fighting
     6 | D        | Reached skill level 5 in Dodging
     6 | D        | Reached skill level 6 in Unarmed Combat
     6 | D        | Reached XP level 2. HP: 33/35 MP: 1/1
     6 | D        | Reached XP level 3. HP: 40/42 MP: 2/2
     6 | D        | Reached XP level 4. HP: 48/50 MP: 3/3
    11 | D        | Gained mutation: Potions are less effective at restoring
                  | your health. [a neqoxec]
    14 | D        | Killed a neqoxec
    15 | D        | Reached skill level 7 in Unarmed Combat
    15 | D        | Reached XP level 5. HP: 27/61 MP: 4/4
    17 | D        | Killed a neqoxec
    17 | D        | Reached ** piety under Trog
    18 | D        | Reached skill level 8 in Unarmed Combat
    18 | D        | Reached XP level 6. HP: 10/71 MP: 5/5
    18 | D        | Killed a neqoxec
    19 | D        | Reached skill level 9 in Unarmed Combat
    34 | D        | Killed a water moccasin
    47 | D        | Killed Menkaure
    64 | D        | Reached XP level 7. HP: 64/78 MP: 6/6
    67 | D        | Reached *** piety under Trog
    81 | D        | Noticed an ice statue
   161 | D        | Noticed a wyvern
   161 | D        | Noticed a wyvern
   177 | D        | Killed a wyvern
   178 | D        | Reached skill level 10 in Unarmed Combat
   178 | D        | HP: 4/120 [wyvern (12)]
   179 | D        | HP: 1/120 [wyvern (4)]
   180 | D        | Killed a wyvern
   246 | D        | Noticed a merfolk siren
   251 | D        | Killed a merfolk siren
   251 | D        | Reached **** piety under Trog
   252 | D        | Reached skill level 11 in Unarmed Combat
   252 | D        | Reached XP level 8. HP: 91/91 MP: 7/7
   256 | D        | Found Conn's Antique Weapon Shop.
   256 | D        | Found Toqal's Antique Armour Boutique.
   256 | D        | Found Ynagriteu's Jewellery Shop.
   256 | D        | Found Ciwopsama's Magic Scroll Boutique.
   256 | D        | Found Dayvarr's Assorted Antiques.
   256 | D        | Found Zaorec's Jewellery Shop.
   256 | D        | Found Dudiodo's Antique Armour Boutique.
   257 | D        | Found Xennaule's Distillery.
   257 | D        | Found Ugucemux's Book Shop.
   257 | D        | Found Fusiug's Weapon Boutique.
   257 | D        | Found Silavah's Antique Weapon Shop.
   258 | D        | Found Bapseo's Magic Scroll Shop.
   259 | D        | Found Azoden's Distillery.
   259 | D        | Found Feosioh's Distillery.
   263 | D        | Noticed a flying skull
   265 | D        | Noticed a flying skull
   266 | D        | Noticed a flying skull
   271 | D        | Noticed a flying skull
   272 | D        | Noticed a flying skull
   273 | D        | Noticed a flying skull
   279 | D        | Noticed a flying skull
   279 | D        | Noticed a flying skull
   279 | D        | Noticed a flying skull
   280 | D        | Noticed a flying skull
   280 | D        | Noticed a flying skull
   280 | D        | Noticed a flying skull
   320 | D        | Noticed a blink frog
   333 | D        | Killed a blink frog
   334 | D        | Reached skill level 12 in Unarmed Combat
   342 | D        | Noticed a cane toad
   344 | D        | Noticed a cane toad
   346 | D        | Noticed an oklob plant
   347 | D        | Found Vikkehad's Book Shoppe.
   351 | D        | Noticed a great orb of eyes
   364 | D        | Bought a potion of experience for 550 gold pieces
   368 | D        | Bought a scroll of magic mapping for 75 gold pieces
   373 | D        | Bought a potion of mutation for 88 gold pieces
   373 | D        | Lost mutation: Potions are less effective at restoring your
                  | health. [potion of mutation]
   373 | D        | Lost mutation: You sometimes lose your temper in combat.
                  | [potion of mutation]
   373 | D        | Gained mutation: You are agile. (Dex +4, Str/Int -1)
                  | [potion of mutation]
   373 | D        | Gained mutation: You have supernaturally acute eyesight.
                  | (SInv) [potion of mutation]
   374 | D        | Bought a potion of mutation for 88 gold pieces
   374 | D        | Lost mutation: You have supernaturally acute eyesight.
                  | (SInv) [potion of mutation]
   374 | D        | Lost mutation: You are agile. (Dex +4, Str/Int -1) [potion
                  | of mutation]
   374 | D        | Gained mutation: You are frail. (-10% HP) [potion of
                  | mutation]
   374 | D        | Gained mutation: Your spells are a little harder to cast,
                  | but a little more powerful. [potion of mutation]
   374 | D        | Lost mutation: Your spells are a little harder to cast, but
                  | a little more powerful. [potion of mutation]
   375 | D        | Bought a potion of mutation for 88 gold pieces
   375 | D        | Lost mutation: You are frail. (-10% HP) [potion of
                  | mutation]
   375 | D        | Gained mutation: You sometimes lose your temper in combat.
                  | [potion of mutation]
   414 | D        | Killed a flying skull
   415 | D        | Reached skill level 1 in Stealth
   416 | D        | Killed a flying skull
   416 | D        | Reached ***** piety under Trog
   421 | D        | Killed a flying skull
   422 | D        | Reached skill level 13 in Unarmed Combat
   428 | D        | Killed a flying skull
   429 | D        | Reached XP level 9. HP: 81/101 MP: 8/8
   454 | D        | Reached skill level 10 in Dodging
   454 | D        | Reached skill level 14 in Unarmed Combat
   455 | D        | Reached skill level 10 in Fighting
   459 | D        | Received a gift from Trog
   470 | D        | Reached skill level 15 in Unarmed Combat
   518 | D        | Noticed Kirke
   518 | D        | Noticed a kobold demonologist
   518 | D        | Noticed a yaktaur captain
   519 | D        | Noticed a centaur warrior
   520 | D        | Noticed an elephant
   522 | D        | Noticed a sun demon
   539 | D        | Killed a yaktaur captain
   540 | D        | Reached XP level 10. HP: 34/110 MP: 9/9
   541 | D        | Killed a centaur warrior
   542 | D        | Reached skill level 16 in Unarmed Combat
   550 | D        | Received a gift from Trog
   558 | D        | Killed Kirke
   559 | D        | Reached skill level 17 in Unarmed Combat
   561 | D        | HP: 4/111 [elephant (9)]
   564 | D        | Noticed a skeletal warrior
   570 | D        | Killed a skeletal warrior
   572 | D        | Killed an elephant
   572 | D        | Noticed a manticore
   577 | D        | HP: 4/111 [manticore (7)]
   579 | D        | Mangled by a manticore

Illustrated notes

Levels and vault maps discovered:
D:        the_violet_keep_of_menkaure [sprint2_stairs_cluster_1,
          sprint2_shoproom, sprint2_temple, sprint2_basic_supplies,
          sprint2_obstacle_2, sprint2_obstacle_5, sprint2_obstacle_1,
          sprint2_obstacle_3, sprint2_obstacle_7, sprint2_timed_cluster_1,
          sprint2_smallroom_cluster_1, sprint2_smallroom_final_cluster_1,
          sprint2_transparent_cluster_1, sprint2_second_timed_cluster_1,
          sprint2_sniper_area_1, sprint2_heavy_combat_area_1,
          sprint2_mutation_trap_area_1, sprint2_forest_area_1,
          sprint2_light_combat_area_1, sprint2_behind_water_1,
          sprint2_near_end_vault_1]

Skill      XL: |  1  2  3  4  5  6  7  8  9 10 |
---------------+-------------------------------+-----
Fighting       | 5 6 7 8 9 10 | 10.8
Dodging        | 5 6 7 8 9 10 11 | 11.6
Unarmed Combat | 6 7 8 9 11 13 15 17 | 17.7
Stealth        | 1 3 |  3.9

Action                     |  1- 3 |  4- 6 |  7- 9 | 10-12 || total
---------------------------+-------+-------+-------+-------++-------
  Melee: Unarmed           |     3 |    13 |    95 |    20 ||   131
         Punch             |       |       |     3 |     1 ||     4
 Invoke: Berserk           |     1 |       |     1 |       ||     2
         Brothers in Arms  |       |       |       |     4 ||     4
    Use: Potion            |       |       |     4 |       ||     4
         Scroll            |       |       |       |     1 ||     1
   Stab: Sleeping          |       |       |     1 |       ||     1
 Armour: Animal skin       |       |     4 |    12 |     7 ||    23
  Dodge: Dodged            |     1 |     3 |    42 |     2 ||    48

Table legend: (Time is in decaauts)
 A = Elapsed time spent in this place.
 B = Non-inter-level travel time spent in this place.
 C = Inter-level travel time spent in this place.
 D = Time resting spent in this place.
 E = Time spent auto-exploring this place.
 F = Levels seen in this place.
 G = Mean time per level.
                   A        B        C        D        E       F      G
               +--------+--------+--------+--------+--------+-----+--------+
         Total |    586 |    577 |      9 |    225 |     62 |   1 |  586.0 |
       Dungeon |    586 |    577 |      9 |    225 |     62 |   1 |  586.0 |
               +--------+--------+--------+--------+--------+-----+--------+

Top non-repeatable levels by time:
       D: 586 daAuts
